 Dungeon Crawl Stone Soup version 0.27.1-34-g3ba077fa99 (webtiles) character file.

Game seed: 12655788929477128045

532 namoto the Conjurer (level 7, -1/50 HPs)
             Began as a Grey Draconian Venom Mage on Jan 9, 2022.
             Was an Initiate of Nemelex Xobeh.
             Slain by Duvessa (8 damage)
             ... on level 4 of the Dungeon.
             The game lasted 00:32:59 (5494 turns).

namoto the Conjurer (Grey Draconian Venom Mage)     Turns: 5494, Time: 00:32:59

Health: -1/50      AC: 13    Str: 10    XL:     7   Next: 4%
Magic:  8/12       EV: 11    Int: 18    God:    Nemelex Xobeh [......]
Gold:   120        SH:  3    Dex: 11    Spells: 6/12 levels left

rFire    . . .     SeeInvis .   o - +3 club
rCold    . . .     Faith    .   h - +0 buckler
rNeg     . . .     Spirit   .   (armour unavailable)
rPois    .         Reflect  .   (helmet restricted)
rElec    .         Harm     .   t - +1 cloak
rCorr    .         Rampage  .   (no gloves)
Will     .....                  (no boots)
Stlth    +.........             (no amulet)
HPRegen  0.16/turn              (no ring)
MPRegen  0.13/turn              (no ring)

@: lit by a corona, glowing
A: AC +11, amphibious, unfitting armour, cold-blooded
a: Renounce Religion, Draw Escape, Draw Destruction, Draw Summoning


You were on level 4 of the Dungeon.
You worshipped Nemelex Xobeh.
Nemelex Xobeh was noncommittal.
You visited 2 branches of the dungeon, and saw 7 of its levels.

You collected 120 gold pieces.

Inventory:

Hand Weapons
 b - a +0 dagger
 i - a +0 hand axe
 j - a +0 hunting sling
 o - a +3 club (weapon)
 u - a +1 mace of protection
Missiles
 a - 2 boomerangs (quivered)
 f - 196 stones
 m - 14 sling bullets
Armour
 h - a +0 buckler (worn)
 t - a +1 cloak (worn)
Scrolls
 c - 2 scrolls of brand weapon {unknown}
 d - a scroll of identify {unknown}
 g - 2 scrolls of blinking {unknown}
 l - a scroll of enchant weapon {unknown}
 n - a scroll of holy word {unknown}
 q - a scroll of noise {unknown}
 s - a scroll of teleportation {unknown}
Potions
 e - a potion of mutation {unknown}
 k - a potion of haste {unknown}
 p - a potion of degeneration {unknown}
 r - 3 potions of curing


   Skills:
 - Level 1.7 Dodging
 - Level 1.9 Stealth
 - Level 3.4 Spellcasting
 - Level 4.3 Conjurations
 - Level 1.0 Transmutations
 - Level 3.5 Air Magic
 - Level 3.4 Poison Magic
 + Level 0.0 Invocations


You had 6 spell levels left.
You knew the following spells:

 Your Spells              Type           Power      Damage    Failure   Level
a - Sting                 Tmut/Pois      44%        1d5       11%         1
b - Poisonous Vapours     Pois/Air       30%        N/A       10%         2
c - Mephitic Cloud        Conj/Pois/Air  16%        N/A       17%         3

Your spell library contained the following spells:

 Spells                   Type           Power      Damage    Failure   Level
 Swiftness                Air            15%        N/A       19%         3
 Corona                   Hex            3%         N/A       26%         1
 Passwall                 Tmut/Erth      3%         N/A       32%         2
 Ensorcelled Hibernation  Hex/Ice        6%         N/A       36%         2
 Olgreb's Toxic Radiance  Pois           15%        N/A       52%         4
 Call Canine Familiar     Summ           3%         N/A       61%         3
 Portal Projectile        Hex/Tloc       6%         N/A       61%         3
 Tukima's Dance           Hex            3%         N/A       61%         3
 Leda's Liquefaction      Hex/Erth       1%         N/A       95%         4
 Invisibility             Hex            1%         N/A       100%        6


Dungeon Overview and Level Annotations

Branches:
Dungeon (6/15)             Temple (1/1) D:4

Altars:
Ashenzari
Cheibriados
Dithmenos
Elyvilon
Fedhas
Gozag
Kikubaaqudgha
Makhleb
Nemelex Xobeh
Okawaru
Qazlal
Sif Muna
Trog
Uskayaw
Xom
Yredelemnul
The Shining One

Shops:
D:4 (

Annotations:
D:4 Dowan, Duvessa


Innate Abilities, Weirdness & Mutations

Your dull iron-grey scales are very hard. (AC +11)
You are amphibious.
You cannot fit into any form of body armour.
You are cold-blooded and may be slowed by cold attacks.


Message History

You block Duvessa's attack. Dowan casts a spell at you.
You are outlined in light.
You hit Duvessa but do no damage.
Duvessa is heavily wounded.
Duvessa closely misses you. Duvessa barely misses you.
You hit Duvessa but do no damage.
Duvessa is heavily wounded.
Duvessa hits you with a +0 short sword. Duvessa closely misses you.
Dowan misses you.
Your magical contamination has completely faded away.
You barely miss Duvessa.
Duvessa is severely wounded.
Duvessa hits you with a +0 short sword. Dowan barely misses you.
Duvessa hits you with a +0 short sword. Dowan barely misses you.
Duvessa closely misses you.
You barely miss Duvessa.
Duvessa is severely wounded.
Duvessa gestures with her weapon.
Duvessa hits you with a +0 short sword. Dowan misses you.
Duvessa hits you with a +0 short sword.
Okay, then.
You hit Duvessa but do no damage.
Duvessa is severely wounded.
Duvessa hits you with a +0 short sword. Dowan gestures at you while chanting.
The puff of frost hits you!
* * * LOW HITPOINT WARNING * * *
Duvessa hits you with a +0 short sword.
* * * LOW HITPOINT WARNING * * *
Okay, then.
Dowan hits you but does no damage. Duvessa hits you but does no damage.
You climb upwards.
There is a stone staircase leading down here.
Dowan gestures at you while chanting.
The puff of flame hits you but does no damage.
Duvessa barely misses you. Duvessa hits you with a +0 short sword!
You die...
Your body disappears without additional glow.

#### ##.#..........##[.........
...### #............#...##...###
##...#####......[.....>......####
#..#.................##..........
...#.............................
..###.......).[..................
....................###..........
#.....#......###....# #..........
#..>..###..#.#..@...###.#........
#.....#....#...e.................
...............e##........#..###.
..###.....#.....#................
...#......#.#..............#.#.##
#..#........#.##.................
.#.........##'##.........<##.##..
......)....##.##..........#..####
.#.......###8.8#.#.......##.## #


You could see Duvessa (fast, very poisoned) and Dowan.

Vanquished Creatures
  An ogre (D:4)
  2 scorpions (D:4)
  A water moccasin skeleton (D:4)
  A bullfrog zombie (D:4)
  Jessica (D:2)
  An orc wizard (D:4)
  Robin (D:2)
  4 gnolls
  4 adders
  2 adder skeletons (D:4)
  A worm (D:2)
  2 dart slugs
  10 orcs (D:4)
  6 ball pythons
  4 bats
  7 endoplasms
  3 giant cockroaches
  14 goblins
  12 hobgoblins
  9 kobolds
  2 quokkas
  3 frilled lizards
  8 rats
99 creatures vanquished.

Notes
Turn   | Place    | Note
-------+----------+-------------------------------------------
     0 | D:1      | namoto the Draconian Venom Mage began the quest for the
                  | Orb.
     0 | D:1      | Reached XP level 1. HP: 14/14 MP: 3/3
   235 | D:1      | Reached XP level 2. HP: 20/20 MP: 1/5
   596 | D:1      | Learned a level 2 spell: Poisonous Vapours
  1171 | D:1      | Reached XP level 3. HP: 26/26 MP: 4/7
  1178 | D:1      | Learned a level 3 spell: Mephitic Cloud
  1301 | D:2      | Noticed Robin
  1783 | D:2      | You fall into a shaft and drop 2 floors!
  1805 | D:4      | Noticed an ogre
  1837 | D:3      | Reached skill level 1 in Conjurations
  1837 | D:3      | Reached skill level 1 in Air Magic
  2147 | D:1      | Reached XP level 4. HP: 9/33 MP: 4/8
  2648 | D:2      | Killed Robin
  3093 | D:2      | Reached skill level 2 in Conjurations
  3291 | D:2      | Noticed Jessica
  3294 | D:2      | Killed Jessica
  3295 | D:2      | Reached XP level 5. HP: 38/38 MP: 3/9
  3620 | D:3      | You fall into a shaft and drop 3 floors!
  3629 | D:5      | Entered Level 5 of the Dungeon
  3639 | D:5      | Noticed Dowan
  3641 | D:5      | Noticed Duvessa
  4072 | D:3      | Found a faded altar of an unknown god.
  4189 | D:3      | Found a snail-covered altar of Cheibriados.
  4289 | D:4      | Reached skill level 3 in Conjurations
  4352 | D:4      | Found Xyese's Antique Weapon Emporium.
  4483 | D:4      | Reached XP level 6. HP: 42/45 MP: 4/10
  4649 | D:4      | Found a staircase to the Ecumenical Temple.
  4658 | Temple   | Entered the Ecumenical Temple
  4684 | Temple   | Became a worshipper of Nemelex Xobeh the Trickster
  4887 | D:4      | Reached skill level 4 in Conjurations
  5435 | D:4      | Your scales start taking on a dull iron-grey colour.
  5435 | D:4      | Reached XP level 7. HP: 45/50 MP: 12/12
  5494 | D:4      | Slain by Duvessa

Illustrated notes

Levels and vault maps discovered:
D:1:      tarquinn_simple_flora_water_f, layout_basic,
          chequers_serial_rivers_marsh, chequers_serial_rivers_large_a
D:2:      layout_rooms, kennysheep_generic_room_14, uniq_jessica, uniq_robin
D:3:      layout_rooms, lemuel_coloured_pillars_altar,
          hellmonk_ecumenical_altar_heavens_door
D:4:      layout_rooms, minmay_temple_entry_tees, serial_shops,
          kennysheep_little_box, dk_noncrumbling_2, kennysheep_donut
D:5:      layout_rooms, chequers_temple_overflow_minitemple, uniq_duvessa,
          uniq_menkaure
D:6:      layout_cave_pools
Temple:   eino_temple_scatter_basement

Skill      XL: |  1  2  3  4  5  6 |
---------------+-------------------+-----
Spellcasting   | 3 |  3.4
Conjurations   | 1 2 3 4 |  4.3
Air Magic      | 1 2 3 3 |  3.5
Dodging        | |  1.7
Stealth        | |  1.9
Transmutations | |  1.0
Poison Magic   | |  3.4

Action                   |  1- 3 |  4- 6 |  7- 9 || total
-------------------------+-------+-------+-------++-------
Melee: Dagger            |    36 |       |       ||    36
       Tailslap          |     1 |     3 |       ||     4
       Club              |       |    79 |     5 ||    84
Throw: Boomerang         |       |    12 |       ||    12
 Cast: Sting             |    87 |    66 |     6 ||   159
       Poisonous Vapours |       |    44 |     2 ||    46
       Mephitic Cloud    |       |     1 |       ||     1
  Use: Potion            |     2 |       |       ||     2
Armor: Skin              |    28 |    38 |     9 ||    75
Dodge: Dodged            |    77 |    75 |    11 ||   163
Block: Buckler           |       |    11 |     3 ||    14
